 Dungeon Crawl Stone Soup version 0.23.2-33-g5129a83184 (webtiles) character file.

Game seed: 15680189533318598535

491 Atelerd the Conjurer (level 7, -6/44 HPs)
             Began as an Octopode Conjurer on July 16, 2019.
             Mangled by an ogre
             ... wielding a +0 giant club
              (14 damage)
             ... on level 4 of the Dungeon.
             The game lasted 00:08:58 (4593 turns).

Atelerd the Conjurer (Octopode Conjurer)            Turns: 4593, Time: 00:08:58

Health: -6/44      AC:  3    Str:  7    XL:     7   Next: 14%
Magic:  17/27      EV: 13    Int: 19    God:
Gold:   299        SH:  0    Dex: 13    Spells: 4/13 levels left

rFire    + . .     SeeInvis +   m - staff of power
rCold    . . .     Gourm    .   (no shield)
rNeg     . . .     Faith    .   (helmet restricted)
rPois    .         Spirit   .   (no amulet)
rElec    .         Reflect  .   r - ring of see invisible
rCorr    .         Harm     .   o - +2 ring of protection
MR       +....                  u - ring of protection from fire
Stlth    +++.......             v - ring of protection from magic
HPRegen  0.14/turn              (no ring)
MPRegen  0.20/turn              (no ring)
                                (no ring)
                                (no ring)

@: very slightly contaminated, drained
A: almost no armour, stealthy swim, amphibious, 8 rings, constrict 8, camouflage
1, gelatinous body 1
a: no special abilities


You were on level 4 of the Dungeon.
You were not hungry.

You visited 1 branch of the dungeon, and saw 5 of its levels.

You collected 299 gold pieces.

Inventory:

Hand Weapons
 a - a +0 hand axe
Magical Staves
 m - an uncursed staff of power (weapon)
Jewellery
 o - a +2 ring of protection (right tentacle)
 r - a ring of see invisible (left tentacle)
 u - a ring of protection from fire (on tentacle)
 v - a ring of protection from magic (on tentacle)
 w - an uncursed amulet of harm
Wands
 q - a wand of iceblast (4)
Scrolls
 d - a scroll of blinking {unknown}
 e - a scroll of random uselessness
 f - a scroll of noise
 g - a scroll of enchant weapon
 h - 2 scrolls of amnesia
 k - 4 scrolls of remove curse
 n - 2 scrolls of teleportation {unknown}
Potions
 c - 2 potions of heal wounds
 i - a potion of degeneration {unknown}
 j - a potion of flight {unknown}
 l - 2 potions of agility {unknown}
 p - a potion of might {unknown}
 s - a potion of experience {unknown}
 t - a potion of curing
Comestibles
 b - 3 rations


   Skills:
 - Level 1.7(0.7) Fighting
 - Level 2.8(1.7) Axes
 - Level 2.5(1.4) Dodging
 - Level 4.4(3.3) Stealth
 * Level 3.7(2.5) Spellcasting
 * Level 5.7(4.5) Conjurations


You had 4 spell levels left.
You knew the following spells:

 Your Spells              Type           Power        Failure   Level  Hunger
a - Iskenderun's Mystic   Conj           ###.....     24%         4    #####..
b - Magic Dart            Conj           ###.         2%          1    #......
c - Force Lance           Conj/Tloc      ##......     54%         4    #####..

Your spell library contained the following spells:

 Spells                   Type           Power        Failure   Level  Hunger
 Searing Ray              Conj           ###...       3%          2    ##.....
 Animate Skeleton         Necr           N/A          16%         1    #......
 Apportation              Tloc           #.....       16%         1    #......
 Confusing Touch          Hex            #.....       16%         1    #......
 Summon Small Mammal      Summ           #...         16%         1    #......
 Conjure Flame            Conj/Fire      ##......     19%         3    ###....
 Dazzling Spray           Conj/Hex       ##....       19%         3    ###....
 Blink                    Tloc           N/A          24%         2    ##.....
 Call Imp                 Summ           #.......     24%         2    ##.....
 Slow                     Hex            #.......     24%         2    ##.....
 Mephitic Cloud           Conj/Pois/Air  #.......     26%         3    ###....
 Fulminant Prism          Conj/Hex       ##........   54%         4    #####..


Dungeon Overview and Level Annotations

Branches:
Dungeon (5/15)             Temple (0/1) D:4

Altars:
Dithmenos

Shops:
D:4 (


Innate Abilities, Weirdness & Mutations

You cannot wear most types of armour.
You are very stealthy in the water. (Stealth+)
You are amphibious.
You can wear up to eight rings at the same time.
You can use your tentacles to constrict eight enemies at once.
Your skin changes colour to match your surroundings (Stealth+).
Your rubbery body absorbs attacks. (AC +1, EV +1)


Message History

The orb of energy hits the ogre!
The ogre is heavily wounded.
You are starving!
You don't have the energy to cast that spell.
You eat one of the 4 rations.
That ration really hit the spot!
The ogre hits you with a +0 giant club!
A hound comes into view.
Found a cloak.
Found 7 gold pieces and a ration.
A shadow imp comes into view.
A shadow imp comes into view.
There is a stone staircase leading up here.
The ogre hits you with a +0 giant club!!
Ouch! That really hurt!
* * * LOW HITPOINT WARNING * * *
The hound barks!
You climb upwards.
There is a stone staircase leading down here.
The ogre hits you with a +0 giant club!
You die...

###...##..#.#.#.....#
#.....##...#.#......#
#................#.##
#......##........#.#
#......#....#....#.#
#......#.#..#.####.#
###....#.#....#....#
####.#.#.#..#.####
#.#.#.#@O#.#
#.#.#.##>#.############
#.#....###............#
#.#.#..###.######..##.#
#.#.#....#.........##.#
#.#.#..#.#.######.###.#
#.#.##.#.#.### #.....#
#.####.#.#...# #######
#.####.#.###.#


You could see an ogre.

Vanquished Creatures
  Sigmund (D:2)
  A centaur (D:5)
  2 iguanas
  A worker ant (D:4)
  A gnoll (D:1)
  6 adders
  2 oozes
  4 worms
  2 dart slugs
  4 leopard geckos
  5 orcs
  6 bats
  2 giant cockroaches
  10 goblins
  12 hobgoblins
  8 jackals
  5 kobolds (D:1)
  A quokka (D:5)
  5 frilled lizards
  A quokka skeleton (D:4)
  4 rats
83 creatures vanquished.

Notes
Turn   | Place    | Note
-------+----------+-------------------------------------------
     0 | D:1      | Atelerd the Octopode Conjurer began the quest for the Orb.
     0 | D:1      | Reached XP level 1. HP: 11/11 MP: 3/3
   407 | D:1      | Reached XP level 2. HP: 17/17 MP: 5/5
   730 | D:1      | Reached XP level 3. HP: 15/22 MP: 1/6
   912 | D:1      | Reached skill level 1 in Axes
  1643 | D:2      | Noticed Sigmund
  1663 | D:2      | Killed Sigmund
  1663 | D:2      | Reached skill level 1 in Fighting
  1663 | D:2      | Reached XP level 4. HP: 9/28 MP: 0/7
  1663 | D:2      | Reached XP level 5. HP: 11/33 MP: 0/8
  1935 | D:2      | Found a shadowy altar of Dithmenos.
  1940 | D:2      | Reached XP level 6. HP: 38/39 MP: 3/9
  1950 | D:2      | Learned a level 4 spell: Iskenderun's Mystic Blast
  2796 | D:3      | Reached skill level 5 in Conjurations
  2802 | D:3      | Learned a level 4 spell: Force Lance
  3664 | D:4      | Found a staircase to the Ecumenical Temple.
  3881 | D:4      | Found Xyidutah's Weapon Boutique.
  4304 | D:5      | Entered Level 5 of the Dungeon
  4315 | D:5      | Reached XP level 7. HP: 34/44 MP: 8/12
  4593 | D:4      | Mangled by an ogre

Skill      XL: |  1  2  3  4  5  6 |
---------------+-------------------+-----
Axes           | 2 |  2.8
Fighting       | 1 |  1.7
Stealth        | 4 |  4.4
Conjurations   | 5 |  5.7
Spellcasting   | 3 |  3.7
Dodging        | |  2.5

Action                   |  1- 3 |  4- 6 |  7- 9 || total
-------------------------+-------+-------+-------++-------
Melee: Hand axe          |    62 |     8 |       ||    70
       Constrict         |    18 |    21 |     2 ||    41
       Tentacles         |    10 |    13 |     1 ||    24
       Staff             |       |    63 |     6 ||    69
 Cast: Magic Dart        |    29 |    34 |     1 ||    64
       Iskenderun's Myst |       |    18 |     5 ||    23
  Use: Scroll            |       |     5 |       ||     5
       Potion            |       |     2 |       ||     2
 Stab: Sleeping          |     7 |     8 |       ||    15
  Eat: Chunk             |     3 |     9 |     1 ||    13
       Ration            |       |     1 |     1 ||     2
Armor: Skin              |     6 |     7 |       ||    13
Dodge: Dodged            |    64 |    69 |     3 ||   136
